 Dungeon Crawl Stone Soup version 0.31.0-11-ge490571c62 (webtiles) character file.

Game seed: 17613303288927870066

8 Gadfly the Ruffian (level 2, 11/21 HPs)
             Began as a Demonspawn Shapeshifter on Jan 27, 2024.
             Quit the game on level 1 of the Dungeon.
             The game lasted 00:00:29 (201 turns).

Gadfly the Ruffian (Demonspawn Shapeshifter)         Turns: 201, Time: 00:00:29

Health: 11/21      AC:  2    Str: 14    XL:     2   Next: 0%
Magic:  2/2        EV: 12    Int: 12    God:
Gold:   54         SH:  0    Dex: 12    Spells: 1/1 levels left

rFire   . .          .
                       - Unarmed
rCold   . . .        (no shield)
rNeg    . . .        a - +0 animal skin
rPois   .            (helmet currently unavailable)
rElec   .            (cloak currently unavailable)
rCorr   .            (gloves currently unavailable)
SInv    .            (boots currently unavailable)
Will    .....        (no amulet)
Stlth   +            (no ring)
HPRegen 0.23/turn    (no ring)
MPRegen 0.08/turn

%: no passive effects
@: beast-form
A: beast (slay +1), big brain 1
a: Begin Untransformation


You were on level 1 of the Dungeon.
You were a hulking beast.
You visited 1 branch of the dungeon, and saw 1 of its levels.

You collected 54 gold pieces.

Inventory:

Missiles
 e - a throwing net (quivered)
Armour
 a - a +0 animal skin (worn)
Talismans
 c - a beast talisman
 d - a flux talisman
Scrolls
 f - a scroll of identify {unknown}
Potions
 b - a potion of lignification
 g - a potion of enlightenment {unknown}


   Skills:
 + Level 1.1 Fighting
 * Level 2.0 Dodging
 + Level 2.7 Unarmed Combat
 * Level 0.8 Evocations
 + Level 2.7 Shapeshifting


You had one spell level left.
You didn't know any spells.
Your spell library was empty.

Dungeon Overview and Level Annotations

Branches:
Dungeon (1/15)

Altars:


Innate Abilities, Weirdness & Mutations

You are a hulking beast.
Your limbs bulge with bestial killing power. (Slay +1)
You have an unusually large brain. (Int +2)


Message History

f - a scroll labelled YXAPI IHABACODGHA You now have 54 gold pieces (gained 16).
g - a black potion An endoplasm comes into view.
Found an inky potion.
The endoplasm quivers.
The endoplasm hits you.
You hit the endoplasm.
The endoplasm is lightly wounded.
The endoplasm freezes you.
You are frozen.
You hit the endoplasm.
The endoplasm is almost dead.
The endoplasm freezes you.
You are frozen.
You barely miss the endoplasm.
The endoplasm is almost dead.
The endoplasm freezes you.
You are frozen.
You are too injured to fight recklessly!
You are too injured to fight recklessly!
You are too injured to fight recklessly!
You are too injured to fight recklessly!
You are too injured to fight recklessly!
You are too injured to fight recklessly!
An endoplasm is nearby!
An endoplasm is nearby!
Unknown command.
You hit the endoplasm but do no damage.
The endoplasm is almost dead.
You punch the endoplasm!
You kill the endoplasm!
Your Dodging skill increases to level 2!
You have reached level 2!
Your demonic ancestry asserts itself...
Your brain expands.
Saving game... please wait.
Welcome back, Gadfly the Demonspawn Shapeshifter.
Press ? for a list of commands and other information.
Are you sure you want to abandon this character and quit the game? (Confirm with "yes".)

.......########.# .........###..
................# #######...###..
####...###########...............
##### ######.#######.......
####....#.#...........†.
...!......#.............
..........########......
........................
.......h..#######.#.....
######+##.# #.###### #.# #.#
#.### #.# #...# #.# ###.#####.#
#.......# #########


There were no monsters in sight!

Vanquished Creatures
  2 endoplasms (D:1)
  2 goblins (D:1)
  2 bats (D:1)
  A frilled lizard (D:1)
  A kobold (D:1)
8 creatures vanquished.

Notes
Turn   | Place    | Note
-------+----------+-------------------------------------------
     0 | D:1      | Gadfly the Demonspawn Shapeshifter began the quest for the
                  | Orb.
     0 | D:1      | Reached XP level 1. HP: 15/15 MP: 1/1
   201 | D:1      | Gained mutation: You have an unusually large brain. (Int
                  | +2) [demonic ancestry]
   201 | D:1      | Reached XP level 2. HP: 11/21 MP: 2/2
   201 | D:1      | Quit the game

Illustrated notes

Levels and vault maps discovered:
D:1:      tarquinn_simple_flora_water_b, layout_basic

Skill      XL: |  1 |
---------------+----+-----
Dodging        | 2 |  2.0
Fighting       | |  1.1
Unarmed Combat | |  2.7
Evocations     | |  0.8
Shapeshifting  | |  2.7

Action                     || total
---------------------------++-------
  Melee: Unarmed           ||    20
 Armour: Animal skin       ||     7
  Dodge: Dodged            ||     6
